 Dungeon Crawl Stone Soup version 0.30.0-29-ga12c61a403 (webtiles) character file.

Game seed: 11677017374231435556

67 Klingon the Trooper (level 4, -2/40 HPs)
             Began as a Hill Orc Fighter on June 19, 2023.
             Slain by a gnoll
             ... wielding a +0 spear
             ... led by a gnoll bouda
              (3 damage)
             ... on level 4 of the Dungeon.
             The game lasted 00:02:06 (631 turns).

Klingon the Trooper (Hill Orc Fighter)               Turns: 631, Time: 00:02:07

Health: -2/40      AC:  7    Str: 18    XL:     4   Next: 16%
Magic:  4/4        EV:  9    Int: 10    God:
Gold:   49         SH:  4    Dex: 10    Spells: 3/3 levels left

rFire   . . .        a - +0 war axe
rCold   . . .        c - +0 buckler
rNeg    . . .        b - +0 scale mail
rPois   .            (no helmet)
rElec   .            (no cloak)
rCorr   .            (no gloves)
SInv    .            (no boots)
Will    .....        (no amulet) Stlth
                     (no ring)
HPRegen 0.26/turn    (no ring)
MPRegen 0.09/turn

%: no passive effects
@: brilliant
A: no striking features
a: no special abilities


You were on level 4 of the Dungeon.
You visited 1 branch of the dungeon, and saw 4 of its levels.

You collected 49 gold pieces.

Inventory:

Hand Weapons
 a - a +0 war axe (weapon)
Missiles
 h - 5 boomerangs of dispersal (quivered)
Armour
 b - a +0 scale mail (worn)
 c - a +0 buckler (worn)
Scrolls
 e - 2 scrolls of identify
 f - a scroll of teleportation
Potions
 d - 2 potions of might


   Skills:
 * Level 4.1 Fighting
 * Level 3.8 Axes
 * Level 0.5 Throwing
 * Level 3.7 Armour
 * Level 0.5 Dodging
 * Level 0.7 Stealth
 * Level 3.6 Shields


You had 3 spell levels left.
You didn't know any spells.
Your spell library contained the following spells:

 Spells                   Type           Power      Damage    Failure   Level
 Cigotuvi's Dreadful Rot  Necr/Pois/Air  0%         N/A       92%         2
 Ignite Poison            Fire/Tmut/Pois 0%         N/A       99%         3
 Freezing Cloud           Conj/Ice/Air   0%         6-21      100%        5


Dungeon Overview and Level Annotations

Branches:
Dungeon (4/15)
 Temple: D:4-7

Altars:

Annotations:
D:4 Pikel


Message History

The kobold shouts!
The gnoll hits you but does no damage. The orc hits you with a +0 short sword.
A lemure comes into view.
The gnoll hits you from afar with a +0 spear.
The lemure shouts!
The adder bites you.
You are poisoned.
The adder poisons you!
The gnoll hits you from afar with a +0 spear. x2
The adder bites you but does no damage.
You feel sick.
An adder comes into view.
The gnoll closely misses you. The gnoll barely misses you.
You see here a lumpy orange potion.
The adder attacks as you move away! You block the adder's attack.
You feel sick.
The adder hisses angrily.
The gnoll hits you but does no damage. x2
You feel sick.
The gnoll is no longer moving quickly.
The gnoll hits you with a +0 spear!
* * * LOW HITPOINT WARNING * * *
The gnoll hits you but does no damage. The adder bites you but does no damage.
You feel sick.
The gnoll hits you from afar with a +0 spear.
* * * LOW HITPOINT WARNING * * *
The gnoll hits you from afar with a +0 spear.
* * * LOW HITPOINT WARNING * * *
It was a potion of curing.
You feel better.
The gnoll hits you from afar with a +0 spear.
* * * LOW HITPOINT WARNING * * *
The adder barely misses you. The gnoll hits you but does no damage.
Pikel hits you with a +2 whip of electrocution.
* * * LOW HITPOINT WARNING * * *
Unknown command.
Okay, then.
It was a potion of brilliance.
You feel clever all of a sudden. The adder barely misses you.
You block the gnoll's attack.
The gnoll hits you from afar with a +0 spear.
You die...

....#.#....#.#.#.#......
........#........[......
........#.#..#.#.# .....
...............>.##.....
.#.....K#S##.........#
.......!5..........### 5
......#ggg5........###.5
......#Sog.............#
.......@K55........5..5.
.......#.+#.............
......##................
.....# ...........###..
....# .##.......## ##
...# ........... ..# ..
..##... .. .. .....


You could see Pikel, 4 lemures, a gnoll bouda, 3 gnolls, 2 adders, an orc and a
kobold.

Vanquished Creatures
  Natasha (D:3)
  2 worms
  A dart slug (D:2)
  An orc (D:3)
  6 ball pythons
  2 endoplasms
  2 giant cockroaches
  2 goblins (D:2)
  A hobgoblin (D:3)
  5 jackals (D:2)
  2 kobolds
  2 bats
  2 frilled lizards (D:2)
  3 rats
32 creatures vanquished.

Notes
Turn   | Place    | Note
-------+----------+-------------------------------------------
     0 | D:1      | Klingon the Hill Orc Fighter began the quest for the Orb.
     0 | D:1      | Reached XP level 1. HP: 19/19 MP: 1/1
   257 | D:1      | Reached XP level 2. HP: 18/27 MP: 2/2
   348 | D:2      | Reached skill level 4 in Fighting
   352 | D:2      | Reached XP level 3. HP: 33/33 MP: 3/3
   571 | D:3      | Noticed Natasha
   578 | D:3      | Killed Natasha
   579 | D:3      | Reached XP level 4. HP: 31/40 MP: 4/4
   609 | D:4      | Noticed Pikel
   609 | D:4      | Noticed a lemure
   609 | D:4      | Noticed a lemure
   609 | D:4      | Noticed a lemure
   623 | D:4      | Noticed a lemure
   630 | D:4      | HP: 1/40 [Pikel/+2 whip of electrocution (3)]
   631 | D:4      | Slain by a gnoll

Illustrated notes

Levels and vault maps discovered:
D:1:      kennysheep_arrival_forest, layout_loops_cross
D:2:      layout_rooms, st_stairs_14
D:3:      layout_basic, gammafunk_temple_overflow_wave, lemuel_round_altar,
          minmay_tree_intersection, uniq_natasha, uniq_ijyb
D:4:      wad_lake_hut, layout_basic, kennysheep_mini_moat,
          gup_ossuary_entry_pyramid, uniq_pikel

Skill      XL: |  1  2 |
---------------+-------+-----
Axes           | 3 |  3.8
Fighting       | 4 |  4.1
Throwing       | |  0.5
Armour         | |  3.7
Dodging        | |  0.5
Stealth        | |  0.7
Shields        | |  3.6

Action                     |  1- 3 |  4- 6 || total
---------------------------+-------+-------++-------
  Melee: War axe           |    70 |     3 ||    73
    Use: Scroll            |     1 |       ||     1
         Potion            |       |     2 ||     2
 Armour: Scale mail        |    37 |    13 ||    50
  Dodge: Dodged            |    37 |     6 ||    43
  Block: Buckler           |    22 |     3 ||    25
